 Dungeon Crawl Stone Soup version 0.30-a0-1018-g25214051b3 (webtiles) character file.

Game seed: 962985739483936068

12699 funkygono the Cleaver (level 11, 0/100 HPs)
             Began as a Minotaur Fighter on Apr 7, 2023.
             Was a High Priest of Okawaru.
             Slain by an 18-headed hydra (5 damage)
             ... on level 2 of the Lair of Beasts.
             The game lasted 00:27:23 (9277 turns).

funkygono the Cleaver (Minotaur Fighter)            Turns: 9277, Time: 00:27:24

Health: 0/100      AC: 35    Str: 25    XL:     11   Next: 65%
Magic:  9/10       EV: 12    Int:  5    God:    Okawaru [*****.]
Gold:   748        SH:  7    Dex: 10    Spells: 10/10 levels left

rFire   . . .      SeeInvis .    a - +3 war axe
rCold   x . .      Faith    .    c - +0 buckler
rNeg    + . .      Spirit   .    M - +8 chain mail of Hagg {Regen+ Slay+3}
rPois   +          Reflect  .    D - +2 hat
rElec   .          Rampage  +    b - +1 cloak
rCorr   +                        e - +5 pair of gloves of Pumasax {Rampage}
Will    .....                    x - +1 pair of boots Stlth
                                 u - amulet of the Stag {Acrobat rN+}
HPRegen 1.16/turn                p - ring of poison resistance
MPRegen 0.12/turn                t - ring of resist corrosion

@: heroic
A: horns 2, retaliatory headbutt, cold vulnerability 1
a: Renounce Religion, Heroism, Finesse, Duel


You were on level 2 of the Lair of Beasts.
You worshipped Okawaru.
Okawaru was extremely pleased with you.
You visited 3 branches of the dungeon, and saw 11 of its levels.
You also visited: Bailey and Gauntlet.

You collected 748 gold pieces.

Inventory:

Hand Weapons
 a - a +3 war axe (weapon)
 r - the +5 hand axe "Lavveic" {flame, rPois rF+ Str-2 Stlth+}
   (You found it on level 8 of the Dungeon)

   Str:       It affects your strength (-2).
   rF:        It protects you from fire.
   rPois:     It protects you from poison.
   Stlth:     It makes you more stealthy.
Missiles
 l - 16 boomerangs (quivered)
 q - 5 javelins
 z - 6 silver javelins
 E - 6 silver boomerangs
Armour
 b - a +1 cloak (worn)
 c - a +0 buckler (worn)
 e - the +5 pair of gloves of Pumasax (worn) {Rampage}
   (You acquired it on level 2 of the Dungeon)

   Rampage:   It bestows one free step when moving towards enemies.
 i - +0 ice dragon scales
 x - a +1 pair of boots (worn)
 D - a +2 hat (worn)
 M - the +8 chain mail of Hagg (worn) {Regen+ Slay+3}
   (You found it in a Gauntlet)

   Slay:      It affects your accuracy & damage with ranged weapons and melee
   (+3).
   Regen:     It increases your rate of health regeneration.
Jewellery
 p - a ring of poison resistance (left hand)
 t - a ring of resist corrosion (right hand)
 u - the amulet of the Stag (around neck) {Acrobat rN+}
   (You found it in a Gauntlet)

   [amulet of the acrobat]

   It increases your evasion while moving and waiting.
   rN:        It protects you from negative energy.
 v - a ring of protection from fire
 B - an amulet of faith
 I - a ring of ice
Wands
 s - a wand of digging (4)
 y - a wand of flame (29)
 A - a wand of paralysis (16)
 F - a wand of polymorph (3)
 L - a wand of iceblast (5)
 O - a wand of quicksilver (4)
Scrolls
 h - 6 scrolls of teleportation
 k - a scroll of amnesia
 o - 2 scrolls of fear
 G - 2 scrolls of enchant armour
 H - a scroll of fog
 J - a scroll of blinking
 K - 3 scrolls of identify
Potions
 d - 4 potions of might
 f - 5 potions of curing
 g - 2 potions of haste
 j - a potion of invisibility
 m - 6 potions of flight
 n - a potion of ambrosia
 w - 2 potions of cancellation {unknown}
 C - 2 potions of heal wounds
 N - a potion of berserk rage {unknown}


   Skills:
 + Level 10.3(15.3) Fighting
 + Level 14.8(19.8) Axes
 + Level 1.1(6.1) Throwing
 + Level 10.1(15.1) Armour
 + Level 6.0(11.0) Dodging
 + Level 1.3(6.3) Stealth
 + Level 8.2(13.2) Shields
 + Level 1.2 Invocations


You had 10 spell levels left.
You didn't know any spells.
Your spell library contained the following spells:

 Spells                   Type           Power      Damage    Failure   Level
 Scorch                   Fire           0%         2d5       97%         2
 Inner Flame              Hex/Fire       0%         N/A       99%         3
 Flame Wave               Conj/Fire      0%         2d4       100%        4
 Blade Hands              Tmut           0%         N/A       100%        5
 Yara's Violent Unravell  Hex/Tmut       0%         3d3       100%        5
 Iron Shot                Conj/Erth      0%         9d1       100%        6
 Enfeeble                 Hex            0%         N/A       100%        7
 Ozocubu's Refrigeration  Ice            0%         4d7       100%        7
 Polar Vortex             Ice            0%         N/A       100%        9
 Animate Armour           Summ/Erth      Unusable   N/A       N/A         4
 Simulacrum               Ice/Necr       Unusable   N/A       N/A         6
 Summon Cactus Giant      Summ           Unusable   N/A       N/A         6

Dungeon Overview and Level Annotations

Branches:
Dungeon (8/15)             Temple (1/1) D:4            Lair (2/5) D:8
 Bailey (visited)         Gauntlet (visited)
  Swamp: Lair:2-3    Shoals: Lair:2-3     Snake: Lair:2-3    Spider: Lair:2-3

Altars:
Ashenzari
Cheibriados
Elyvilon
Fedhas
Hepliaklqana
Kikubaaqudgha
Makhleb
Nemelex Xobeh
Okawaru
Qazlal
Ru
Sif Muna
Trog
Uskayaw
Vehumet
Wu Jian
Xom
Yredelemnul
Zin
The Shining One

Shops:
D:4 (   D:7 (

Annotations:
D:8 1 transporter


Innate Abilities, Weirdness & Mutations

You have a pair of horns on your head.
You reflexively headbutt those who attack you in melee.
You are vulnerable to cold. (rC-)


Message History

You block the 16-headed hydra's attack. The 16-headed hydra closely misses you.
The 16-headed hydra bites you but does no damage.
The 16-headed hydra completely misses you.
The 16-headed hydra closely misses you.
The 16-headed hydra bites you but does no damage. x2
The 16-headed hydra bites you.
* * * LOW HITPOINT WARNING * * *
You block the 16-headed hydra's attack.
The 16-headed hydra bites you but does no damage. x2
You barely miss the 16-headed hydra.
The 16-headed hydra is severely wounded.
The 16-headed hydra bites you but does no damage.
You block the 16-headed hydra's attack.
The 16-headed hydra bites you but does no damage. x3
You block the 16-headed hydra's attack. The 16-headed hydra barely misses you.
You block the 16-headed hydra's attack. The 16-headed hydra misses you.
The 16-headed hydra bites you but does no damage.
The 16-headed hydra bites you.
* * * LOW HITPOINT WARNING * * *
The 16-headed hydra closely misses you.
The 16-headed hydra completely misses you.
The 16-headed hydra closely misses you. You block the 16-headed hydra's attack.
The 16-headed hydra closely misses you.
You slice one of the 16-headed hydra's heads off!
The 15-headed hydra grows two more!
You slash the 17-headed hydra!
Your headbutt misses the 17-headed hydra.
The 17-headed hydra is severely wounded.
Unknown command.
You hack one of the 17-headed hydra's heads off!
The 16-headed hydra grows two more!
You slash the 18-headed hydra!
Your headbutt misses the 18-headed hydra.
The 18-headed hydra is almost dead.
You block the 18-headed hydra's attack. The 18-headed hydra bites you.
* * * LOW HITPOINT WARNING * * *
The 18-headed hydra bites you.
* * * LOW HITPOINT WARNING * * *
The 18-headed hydra closely misses you.
The 18-headed hydra bites you but does no damage.
You block the 18-headed hydra's attack. The 18-headed hydra bites you.
You die...

. #. ##. # ##### #######
#..
##.###.#.#####.##..###..
........................
.....>..................
......D@......<.........
........................
........................
........................
........................
##..#########.###.......
### ### #.......
#....... #.......


You could see a 18-headed hydra.

Vanquished Creatures
  A reaper (Gauntlet)
  A minotaur (Gauntlet)
  3 death yaks (Gauntlet)
  A skyshark (Lair:2)
  2 orc knights (Bailey)
  Pikel (D:4)
  2 torpor snails
  A cane toad (Lair:1)
  2 komodo dragons
  A hellwing (Gauntlet)
  A hornet (D:8)
  Sigmund (D:4)
  6 yaks (Lair:1)
  A neqoxec (Gauntlet)
  A wyvern (D:8)
  A basilisk (Lair:2)
  3 chaos spawn (Gauntlet)
  7 water moccasins
  Duvessa (D:4)
  6 orc warriors (Bailey)
  2 ice beasts (D:5)
  A black bear (D:6)
  A sky beast (D:7)
  2 ogres
  3 wolves (Lair:2)
  3 centaurs
  2 phantoms (D:4)
  2 bullfrogs
  3 scorpions
  4 wights
  Dowan (D:4)
  3 killer bees (D:6)
  2 howler monkeys
  3 jellies
  2 orc priests
  5 hounds
  2 sleepcaps
  Ijyb (D:5)
  3 iguanas
  4 orc wizards
  Robin (D:4)
  6 gnolls
  9 adders
  A shadow imp (Gauntlet)
  2 white imps
  An ufetubus (D:6)
  2 worms (D:2)
  2 dart slugs (D:1)
  22 orcs
  10 bats
  7 endoplasms
  3 giant cockroaches
  23 goblins
  7 hobgoblins
  5 jackals
  5 ball pythons
  6 frilled lizards
  19 kobolds
  5 rats
  A spectral goblin (D:7)
229 creatures vanquished.

Vanquished Creatures (others)
  4 fungi
  52 plants
56 creatures vanquished.

Grand Total: 285 creatures vanquished

Notes
Turn   | Place    | Note
-------+----------+-------------------------------------------
     0 | D:1      | funkygono the Minotaur Fighter began the quest for the Orb.
     0 | D:1      | Reached XP level 1. HP: 19/19 MP: 0/0
   362 | D:1      | Reached XP level 2. HP: 27/27 MP: 1/1
   556 | D:1      | Reached skill level 3 in Axes
   614 | D:1      | Reached XP level 3. HP: 33/33 MP: 2/2
  1116 | D:2      | Reached XP level 4. HP: 41/41 MP: 3/3
  1449 | D:2      | Reached skill level 4 in Axes
  1557 | D:2      | Identified a scroll of acquirement
  1557 | D:2      | Acquired the +5 pair of gloves of Pumasax {Rampage}
  1687 | D:3      | Reached XP level 5. HP: 47/47 MP: 4/4
  1752 | D:3      | Reached skill level 5 in Axes
  1752 | D:3      | Reached skill level 1 in Dodging
  1828 | D:3      | Noticed an ogre
  1838 | D:3      | Killed an ogre
  1839 | D:3      | Reached XP level 6. HP: 50/55 MP: 5/5
  1889 | D:3      | Identified the +7 short sword "Vaesott" {heavy, rPois rF+
                  | rN+ Will-}
  1901 | D:3      | Found a snail-covered altar of Cheibriados.
  2223 | D:4      | Found a sacrificial altar of Ru.
  2226 | D:4      | Noticed Pikel
  2249 | D:4      | Killed Pikel
  2250 | D:4      | Reached skill level 5 in Fighting
  2250 | D:4      | Reached skill level 7 in Axes
  2250 | D:4      | Reached skill level 5 in Armour
  2250 | D:4      | Reached XP level 7. HP: 47/61 MP: 6/6
  2512 | D:4      | Noticed Sigmund
  2513 | D:4      | Found a shimmering blue altar of Sif Muna.
  2518 | D:4      | Killed Sigmund
  2519 | D:4      | Reached skill level 8 in Axes
  2519 | D:4      | Reached XP level 8. HP: 61/70 MP: 7/7
  2597 | D:4      | Noticed Dowan
  2625 | D:4      | Killed Dowan
  2625 | D:4      | Noticed Duvessa
  2643 | D:4      | Killed Duvessa
  2853 | D:4      | Found a stormy altar of Qazlal.
  3027 | D:4      | Noticed Robin
  3049 | D:4      | Killed Robin
  3062 | D:4      | Found a staircase to the Ecumenical Temple.
  3071 | Temple   | Entered the Ecumenical Temple
  3076 | Temple   | Became a worshipper of Warmaster Okawaru
  3179 | D:4      | Reached skill level 5 in Shields
  3188 | D:4      | Reached skill level 9 in Axes
  3279 | D:4      | Found Zesk's Weapon Shop.
  3400 | D:5      | Entered Level 5 of the Dungeon
  3829 | D:5      | Noticed Ijyb
  3829 | D:5      | Paralysed by Ijyb for 4 turns
  3836 | D:5      | Killed Ijyb
  4084 | D:5      | Reached XP level 9. HP: 78/78 MP: 8/8
  4275 | D:6      | Found a shimmering altar of Xom.
  4292 | D:6      | Noticed an angel
  4298 | D:6      | Found a glowing silver altar of Zin.
  4312 | D:6      | Reached * piety under Okawaru
  4358 | D:6      | Reached skill level 10 in Axes
  4611 | D:6      | Found a hide-covered altar of Uskayaw.
  5206 | D:7      | Found a white marble altar of Elyvilon.
  5241 | D:7      | Found Zoejol's Antique Weapon Emporium.
  5262 | D:7      | Reached ** piety under Okawaru
  5397 | D:7      | Reached skill level 11 in Axes
  5405 | D:7      | Found a hazy altar of Hepliaklqana.
  5778 | D:8      | Identified the +5 hand axe "Lavveic" {flame, rPois rF+
                  | Str-2 Stlth+}
  5783 | D:8      | Found a staircase to the Lair.
  5784 | D:8      | Noticed a komodo dragon
  5802 | D:8      | Killed a komodo dragon
  5803 | D:8      | Reached skill level 1 in Stealth
  6185 | D:8      | Found a flagged portal.
  6191 | Bailey   | Entered a bailey
  6224 | Bailey   | Noticed an orc knight
  6301 | Bailey   | Reached XP level 10. HP: 78/88 MP: 9/9
  6309 | Bailey   | Noticed an orc knight
  6328 | Bailey   | Killed an orc knight
  6329 | Bailey   | Reached skill level 12 in Axes
  6329 | Bailey   | Killed an orc knight
  6342 | Bailey   | Reached *** piety under Okawaru
  6783 | D:8      | Found a transporter.
  7362 | Lair:1   | Entered Level 1 of the Lair of Beasts
  7429 | Lair:1   | Noticed a torpor snail
  7438 | Lair:1   | Killed a torpor snail
  7477 | Lair:1   | Noticed a cane toad
  7482 | Lair:1   | Killed a cane toad
  7483 | Lair:1   | Reached skill level 13 in Axes
  7483 | Lair:1   | Reached skill level 1 in Throwing
  7483 | Lair:1   | Reached skill level 5 in Dodging
  7527 | Lair:1   | Reached **** piety under Okawaru
  7824 | Lair:1   | Found a gate leading to a gauntlet.
  7831 | Gauntlet | Entered a Gauntlet
  7831 | Gauntlet | Found a transporter.
  7831 | Gauntlet | Found a transporter.
  7836 | Gauntlet | Found a transporter.
  7845 | Gauntlet | Found a transporter.
  7861 | Gauntlet | Found a transporter.
  7863 | Gauntlet | Noticed a spectral six-headed hydra
  7894 | Gauntlet | Found a transporter.
  7903 | Gauntlet | Found a transporter.
  7905 | Gauntlet | Noticed a wretched star
  7908 | Gauntlet | Noticed a death yak
  7920 | Gauntlet | Found a transporter.
  7942 | Gauntlet | Found a transporter.
  7947 | Gauntlet | Noticed a death yak
  7963 | Gauntlet | Found a transporter.
  7982 | Gauntlet | Noticed a death yak
  7982 | Gauntlet | Noticed a death yak
  7983 | Gauntlet | Noticed a necromancer
  8047 | Gauntlet | Found a transporter.
  8054 | Gauntlet | Noticed a reaper
  8057 | Gauntlet | Noticed a death yak
  8058 | Gauntlet | Found a transporter.
  8068 | Gauntlet | Found a transporter.
  8081 | Gauntlet | Noticed a torpor snail
  8090 | Gauntlet | Found a transporter.
  8095 | Gauntlet | Noticed a death yak
  8095 | Gauntlet | Noticed a death yak
  8153 | Gauntlet | Noticed a death yak
  8223 | Gauntlet | Noticed a death scarab
  8226 | Gauntlet | Noticed a death scarab
  8234 | Gauntlet | Noticed a spectral death yak
  8248 | Gauntlet | Found a transporter.
  8251 | Gauntlet | Found a transporter.
  8344 | Gauntlet | Gained mutation: You are vulnerable to cold. (rC-) [a
                  | neqoxec]
  8353 | Gauntlet | Reached XP level 11. HP: 97/97 MP: 8/10
  8455 | Gauntlet | Killed a reaper
  8473 | Gauntlet | Identified the amulet of the Stag {Acrobat rN+}
  8617 | Gauntlet | Killed a death yak
  8618 | Gauntlet | Reached skill level 14 in Axes
  8640 | Gauntlet | Killed a death yak
  8640 | Gauntlet | Reached ***** piety under Okawaru
  8649 | Gauntlet | Killed a death yak
  8650 | Gauntlet | Reached skill level 1 in Invocations
  8892 | Gauntlet | Noticed a minotaur
  8907 | Gauntlet | Killed a minotaur
  8908 | Gauntlet | Reached skill level 10 in Fighting
  8940 | Gauntlet | Identified the +8 chain mail of Hagg {Regen+ Slay+3}
  9130 | Lair:1   | You fall into a shaft and drop 1 floor!
  9164 | Lair:2   | Noticed a skyshark
  9172 | Lair:2   | Reached skill level 10 in Armour
  9174 | Lair:2   | Killed a skyshark
  9259 | Lair:2   | Noticed a six-headed hydra
  9277 | Lair:2   | HP: 5/100 [18-headed hydra (6)]
  9277 | Lair:2   | Slain by an 18-headed hydra

Illustrated notes

Levels and vault maps discovered:
D:1:      dpeg_arrival_rooms_with_view, layout_loops_cross
D:2:      layout_loops_ring, kennysheep_generic_room_2
D:3:      layout_rooms, cheibriados_altar_1
D:4:      layout_basic, lemuel_round_altar,
          mainiacjoe_overflow_concentric_impassable,
          mainiacjoe_overflow_catwalk, minmay_temple_entry_mini_moons,
          serial_shops, nicolae_lakefront_shop, minmay_surrounded, uniq_duvessa,
          uniq_robin, uniq_sigmund, uniq_pikel
D:5:      layout_loops_cross, minmay_misc_feat_x, grunt_decor_cap,
          roderic_lattice_a, kennysheep_generic_room_15, uniq_ijyb
D:6:      layout_cave_pods, grunt_temple_overflow_order_and_chaos_1,
          lemuel_tele_altar
D:7:      layout_rooms, elyvilon_altar_1,
          nicolae_hepliaklqana_monster_ancestors, serial_shops,
          nicolae_shop_overgrown_old_shop
D:8:      layout_loops_ring, david_lair_shrubbed, enter_bailey_2,
          nicolae_diode_basic
Temple:   minmay_freezing_vapour_temple
Lair:1:   layout_layer_cave, gauntlet_entry_generic, infiniplex_staircase_pool,
          grunt_megastairs_5, lemuel_fruit_fields
Lair:2:   layout_big_grid, shoals_dummy_entry,
          minmay_snake_entry_guardpost_medium, nicolae_lair_run_with_the_wolves

Skill      XL: |  1  2  3  4  5  6  7  8  9 10 11 |
---------------+----------------------------------+-----
Fighting       | 4 5 6 7 9 10 | 10.3
Shields        | 4 5 6 7 8 |  8.2
Axes           | 3 4 5 7 8 9 11 13 14 | 14.8
Armour         | 4 5 6 7 8 9 10 | 10.1
Dodging        | 1 2 3 4 5 6 |  6.0
Stealth        | 1 |  1.3
Throwing       | 1 |  1.1
Invocations    | 1 |  1.2

Action                     |  1- 3 |  4- 6 |  7- 9 | 10-12 || total
---------------------------+-------+-------+-------+-------++-------
  Melee: War axe           |   108 |   105 |   289 |   221 ||   723
         Headbutt          |    14 |    12 |    53 |    64 ||   143
  Throw: Boomerang         |       |       |     4 |     1 ||     5
         Dart              |       |       |     2 |       ||     2
 Invoke: Heroism           |       |       |       |     8 ||     8
    Use: Scroll            |     3 |     6 |    10 |     6 ||    25
         Potion            |       |       |     2 |     2 ||     4
 Armour: Scale mail        |    34 |       |       |       ||    34
         Ice dragon scales |    35 |    81 |   195 |    64 ||   375
         Chain mail        |       |       |       |    71 ||    71
  Dodge: Dodged            |    46 |    42 |   137 |   112 ||   337
  Block: Buckler           |    19 |    19 |    65 |    58 ||   161

Table legend: (Time is in decaauts)
 A = Elapsed time spent in this place.
 B = Non-inter-level travel time spent in this place.
 C = Inter-level travel time spent in this place.
 D = Time resting spent in this place.
 E = Time spent auto-exploring this place.
 F = Levels seen in this place.
 G = Mean time per level.
                   A        B        C        D        E       F      G
               +--------+--------+--------+--------+--------+-----+--------+
         Total |   9345 |   9100 |    245 |    743 |   5192 |  13 |  718.8 |
       Dungeon |   6862 |   6622 |    240 |    379 |   4421 |   8 |  857.8 |
        Temple |     10 |      5 |      5 |      0 |      0 |   1 |   10.0 |
          Lair |    708 |    708 |      0 |    132 |    187 |   2 |  354.0 |
        Bailey |    581 |    581 |      0 |      0 |    373 |   1 |  581.0 |
      Gauntlet |   1181 |   1181 |      0 |    232 |    211 |   1 | 1181.0 |
               +--------+--------+--------+--------+--------+-----+--------+

Top non-repeatable levels by time:
     D:4: 1222 daAuts
Gauntlet: 1181 daAuts
     D:8: 1137 daAuts
     D:6: 907 daAuts
     D:2: 862 daAuts
     D:1: 804 daAuts
     D:5: 762 daAuts
     D:3: 589 daAuts
  Bailey: 581 daAuts
     D:7: 575 daAuts
  Lair:1: 570 daAuts
  Lair:2: 138 daAuts
  Temple: 10 daAuts
